 Dungeon Crawl Stone Soup version 0.27-a0-263-gc8dee61f84 (webtiles) character file.

Game seed: 15476676851943894659

28 knot the Chopper (level 3, 27/29 HPs)
             Began as a Demonspawn Berserker on Feb 5, 2021.
             Was a Believer of Trog.
             Quit the game on level 1 of the Dungeon.
             The game lasted 00:00:37 (628 turns).

knot the Chopper (Demonspawn Berserker)              Turns: 628, Time: 00:00:37

Health: 27/29      AC:  2    Str: 17    XL:     3   Next: 0%
Magic:  3/3        EV: 12    Int:  9    God:    Trog [**....]
Gold:   36         SH:  0    Dex: 12    Spells: 2/2 levels left

rFire    . . .     SeeInvis .   a - +0 hand axe
rCold    . . .     Faith    .   (no shield)
rNeg     . . .     Spirit   .   b - +0 animal skin
rPois    .         Reflect  .   (no helmet)
rElec    .         Harm     .   (no cloak)
rCorr    .         Rampage  .   (no gloves)
Will     .....                  (no boots)
Stlth    +.........             (no amulet)
HPRegen  1.09/turn              (no ring)
MPRegen  0.08/turn              (no ring)

@: no status effects
A: talons 1, powered by death 1
a: Renounce Religion, Berserk, Trog's Hand


You were on level 1 of the Dungeon.
You worshipped Trog.
Trog was pleased with you.
You visited 1 branch of the dungeon, and saw 1 of its levels.

You collected 36 gold pieces.

Inventory:

Hand Weapons
 a - a +0 hand axe (weapon)
Missiles
 f - 5 stones
 h - 21 poisoned darts
Armour
 b - a +0 animal skin (worn)
Jewellery
 d - an uncursed ring of fire {unknown}
Scrolls
 c - 2 scrolls of teleportation {unknown}
 e - 2 scrolls of identify {unknown}
Potions
 g - a potion of might {unknown}


   Skills:
 - Level 3.0 Fighting
 + Level 3.8 Axes
 - Level 1.7 Armour
 - Level 1.7 Dodging


You had 2 spell levels left.
You didn't know any spells.
Your spell library was empty.

Dungeon Overview and Level Annotations

Branches:
Dungeon (1/15)

Altars:


Innate Abilities, Weirdness & Mutations

You have sharp toenails.
You regenerate a little health from kills.


Message History

You see here a murky ruby potion.
You slash the bat!
You kill the bat!
Trog accepts your kill.
You can now call upon Trog for regeneration and willpower.
You slash the goblin!
You kill the goblin!
Trog accepts your kill. The goblin hits you with a +0 dagger.
Things that are here:
a +0 club; a goblin corpse You slash the goblin!
You kill the goblin!
Trog accepts your kill.
You have reached level 3!
Your experience leads to an increase in your attributes!
Increase (S)trength, (I)ntelligence, or (D)exterity?
You feel clever.
Your demonic ancestry asserts itself...
Your toenails lengthen and sharpen.
Are you sure you want to abandon this character and quit the game? (Confirm with "yes".)

#....). ####... #.#.
#.#.## #... #.#..# #
#### #.##.#.# #.
############.##.#. #.
#.........##$.... #.
#......@.!...##.# #####.
#.....).#.##.##.###.....
#.......#...............
#.......#$##!##.###.....
#.(.(...#.##.##.# #####.
#............##.# #.
######.##.#####.# #. ..
..# #.# #. #.# #.# ..


There were no monsters in sight!

Vanquished Creatures
  An ooze (D:1)
  2 dart slugs (D:1)
  5 goblins (D:1)
  2 hobgoblins (D:1)
  5 bats (D:1)
  A frilled lizard (D:1)
  3 kobolds (D:1)
  2 rats (D:1)
21 creatures vanquished.

Notes
Turn   | Place    | Note
-------+----------+-------------------------------------------
     0 | D:1      | knot the Demonspawn Berserker began the quest for the Orb.
     0 | D:1      | Reached XP level 1. HP: 18/18 MP: 1/1
   154 | D:1      | Gained mutation: You regenerate a little health from kills.
                  | [demonic ancestry]
   154 | D:1      | Reached XP level 2. HP: 23/24 MP: 2/2
   623 | D:1      | Reached ** piety under Trog
   628 | D:1      | Gained mutation: You have sharp toenails. [demonic
                  | ancestry]
   628 | D:1      | Reached XP level 3. HP: 27/29 MP: 3/3
   628 | D:1      | Quit the game

Illustrated notes

Levels and vault maps discovered:
D:1:      sevenhm_arrival_forest_fort_small_4, layout_loops_cross,
          minmay_octomino_j4

Skill      XL: |  1 |
---------------+----+-----
Axes           | 3 |  3.8
Fighting       | |  3.0
Armour         | |  1.7
Dodging        | |  1.7

Action                   || total
-------------------------++-------
Melee: Hand axe          ||    54
Invok: Berserk           ||     1
Armor: Animal skin       ||    20
Dodge: Dodged            ||    42

Table legend: (Time is in decaauts)
 A = Elapsed time spent in this place.
 B = Non-inter-level travel time spent in this place.
 C = Inter-level travel time spent in this place.
 D = Time resting spent in this place.
 E = Time spent auto-exploring this place.
 F = Levels seen in this place.
 G = Mean time per level.
                   A        B        C        D        E       F      G
               +--------+--------+--------+--------+--------+-----+--------+
         Total |    645 |    645 |      0 |     95 |    424 |   1 |  645.0 |
       Dungeon |    645 |    645 |      0 |     95 |    424 |   1 |  645.0 |
               +--------+--------+--------+--------+--------+-----+--------+

Top non-repeatable levels by time:
     D:1: 645 daAuts
